cohdb
Replays
Latest Replays
All Replays
Popular Replays
Top Player Replays
Match Explorer
How It Works
Community
CoH3 Stats
Reddit
Sign in to upload your games and track your stats! →
Sign in with Steam
playback 2
Match 29287116
Overview
Messages
Build Orders
End
Construct Infanterie Kompanie
Grenadier Squad
Grenadier Squad
Grenadier Squad
MG 42 Machine Gun Team
Construct Luftwaffe Kompanie
Selects Spotting Scopes
Grenadier Squad
Selects Stoßtruppen Assault Package
Jäger Squad
Support Elements
Wirbelwind Flakpanzer
Wirbelwind Flakpanzer
Wirbelwind Flakpanzer
Wirbelwind Flakpanzer
Selects Mechanized Battlegroup
Selects Italian Coastal Battlegroup
CPU - 어려움
CPU - 어려움
CPU - 어려움
Seabee
Jason Vorheez
Big Dallas
0
0
Comments
sign in to comment!
No comments posted yet!